PBL
TROIS-RIVERES AIGLES @ WINNIPEG GOLDEYES
07/31/2045
 
TOP OF THE 1ST
Trois-Riveres Aigles batting - Pitching for Winnipeg Goldeyes : RHP Ruben Calderon
Pitching: RHP Ruben Calderon
Batting: LHB Jonathan Spino 0-0: Ball
1-0: Ball
2-0: Foul Ball, location: 2F
2-1: SINGLE (Line Drive, 6MD, EV 103.8 MPH)
Batting: RHB Josh Harmon 0-0: Called Strike
0-1: Called Strike
0-2: Ball
Jonathan Spino steals 2nd base
1-2: Foul Ball, location: 2F
1-2: Ball
2-2: Foul Ball, location: 2F
2-2: Ball
3-2: Fly out, F7 (Flyball, 78S, EV 91.2 MPH)
Batting: LHB Rich Matthews 0-0: Ball
1-0: Called Strike
1-1: Fly out, F7 (Flyball, 78M, EV 90.6 MPH)
Batting: LHB Sean Banks 0-0: Called Strike
0-1: Ground out 4-3 (Groundball, 4, EV 83.8 MPH)
Top of the 1st over - 0 runs, 1 hit, 0 errors, 1 left on base; Trois-Riveres 0 - Winnipeg 0
BOTTOM OF THE 1ST
Winnipeg Goldeyes batting - Pitching for Trois-Riveres Aigles : RHP Gerardo Fernandez
Pitching: RHP Gerardo Fernandez
Batting: LHB Marvin Shepherd 0-0: Called Strike
0-1: Swinging Strike
0-2: Ball
1-2: Ball
2-2: Ball
3-2: Base on Balls
Batting: RHB Caleb Bockmann 0-0: Ball
1-0: Fly out, F8 (Line Drive, 8RM, EV 89.4 MPH)
Batting: SHB Manny Molina 0-0: Ball
Marvin Shepherd steals 2nd base
1-0: Called Strike
1-1: Foul Ball, location: 2F
1-2: Ball
2-2: Strikes out swinging
Batting: RHB Steve Terrell 0-0: Called Strike
0-1: SINGLE (Groundball, 34D, EV 94.4 MPH)
Marvin Shepherd to third
Runner from 3rd tries for Home, SAFE, throw by RF to home
Steve Terrell to second
Batting: LHB Marshall Daul 0-0: Ball
1-0: Called Strike
1-1: Foul Ball, location: 2F
1-2: Ball
2-2: Fly out, F4 (Popup, 4D, EV 44.4 MPH)
Bottom of the 1st over - 1 run, 1 hit, 0 errors, 1 left on base; Trois-Riveres 0 - Winnipeg 1
TOP OF THE 2ND
Trois-Riveres Aigles batting - Pitching for Winnipeg Goldeyes : RHP Ruben Calderon
Batting: RHB Alex Diaz 0-0: Called Strike
0-1: Ball
1-1: Ball
2-1: Foul Ball, location: 2F
2-2: Ball
3-2: Base on Balls
Batting: RHB Dave Galloway 0-0: Ball
1-0: Called Strike
1-1: Fielders Choice at 2nd, 3-6 (Groundball, 3, EV 102.5 MPH)
Batting: RHB Jason Penfield 0-0: Ball
1-0: Called Strike
1-1: Ball
2-1: Fly out, F4 (Flyball, 34D, EV 90.6 MPH)
Batting: RHB Alex Koral 0-0: Called Strike
0-1: Called Strike
Dave Galloway is caught stealing 2nd base 2-4
Top of the 2nd over - 0 runs, 0 hits, 0 errors, 0 left on base; Trois-Riveres 0 - Winnipeg 1
BOTTOM OF THE 2ND
Winnipeg Goldeyes batting - Pitching for Trois-Riveres Aigles : RHP Gerardo Fernandez
Batting: RHB Leo Gonzalez 0-0: Called Strike
0-1: Called Strike
0-2: Ball
1-2: Strikes out swinging
Batting: LHB Tomas Espino 0-0: Swinging Strike
0-1: SINGLE (Flyball, 6D, EV 87.5 MPH)
Batting: RHB David McDonald 0-0: Ball
1-0: Swinging Strike
1-1: Fielders Choice at 2nd, 3-6 (Groundball, 34, EV 82.5 MPH)
Batting: LHB Brian Wagner 0-0: Called Strike
David McDonald steals 2nd base
0-1: Ball
1-1: Ball
2-1: Swinging Strike
2-2: Ball
3-2: Fly out, F9 (Flyball, 9, EV 87.5 MPH)
Bottom of the 2nd over - 0 runs, 1 hit, 0 errors, 1 left on base; Trois-Riveres 0 - Winnipeg 1
TOP OF THE 3RD
Trois-Riveres Aigles batting - Pitching for Winnipeg Goldeyes : RHP Ruben Calderon
Batting: RHB Alex Koral 0-0: Ground out 4-3 (Groundball, 4MD, EV 103.1 MPH)
Batting: RHB Wan-ling Zhu 0-0: Ball
1-0: Called Strike
1-1: Called Strike
1-2: Strikes out swinging
Batting: LHB Jonathan Spino 0-0: Foul Ball, location: 2F
0-1: Swinging Strike
0-2: Foul Ball, location: 2F
0-2: Ball
1-2: Strikes out swinging
Top of the 3rd over - 0 runs, 0 hits, 0 errors, 0 left on base; Trois-Riveres 0 - Winnipeg 1
BOTTOM OF THE 3RD
Winnipeg Goldeyes batting - Pitching for Trois-Riveres Aigles : RHP Gerardo Fernandez
Batting: LHB Marvin Shepherd 0-0: Called Strike
0-1: Ball
1-1: Fly out, F9 (Flyball, 9D, EV 99.4 MPH)
Batting: RHB Caleb Bockmann 0-0: SINGLE (Groundball, 6MD, EV 109.4 MPH)
Batting: SHB Manny Molina 0-0: Fly out, F4 (Flyball, 4MD, EV 83.8 MPH)
Batting: RHB Steve Terrell 0-0: Called Strike
0-1: Ball
1-1: Ball
2-1: Foul Ball, location: 2F
2-2: Reached on error, E5 (Groundball, 5S, EV 90.0 MPH)
Caleb Bockmann to second
Batting: LHB Marshall Daul 0-0: Called Strike
0-1: Ball
1-1: Fly out, F6 (Popup, 6, EV 64.4 MPH)
Bottom of the 3rd over - 0 runs, 1 hit, 1 error, 2 left on base; Trois-Riveres 0 - Winnipeg 1
TOP OF THE 4TH
Trois-Riveres Aigles batting - Pitching for Winnipeg Goldeyes : RHP Ruben Calderon
Batting: RHB Josh Harmon 0-0: Ball
1-0: Fly out, F5 (Popup, 25, EV 82.5 MPH)
Batting: LHB Rich Matthews 0-0: DOUBLE (Line Drive, 78XD, EV 102.5 MPH)
Batting: LHB Sean Banks 0-0: Ball
1-0: Ball
2-0: Foul Ball, location: 2F
2-1: Foul Ball, location: 2F
2-2: Fly out, F3 (Popup, 23F, EV 88.1 MPH)
Batting: RHB Alex Diaz 0-0: Called Strike
0-1: Foul Ball, location: 2F
0-2: Ball
1-2: Ground out 5-3 (Groundball, 56, EV 107.5 MPH)
Top of the 4th over - 0 runs, 1 hit, 0 errors, 1 left on base; Trois-Riveres 0 - Winnipeg 1
BOTTOM OF THE 4TH
Winnipeg Goldeyes batting - Pitching for Trois-Riveres Aigles : RHP Gerardo Fernandez
Batting: RHB Leo Gonzalez 0-0: Ball
1-0: Ball
2-0: Foul Ball, location: 2F
2-1: Foul Ball, location: 2F
2-2: Strikes out looking
Batting: LHB Tomas Espino 0-0: Ball
1-0: Called Strike
1-1: Ball
2-1: Called Strike
2-2: Ball
3-2: SINGLE (Groundball, 4MD, EV 103.8 MPH)
Batting: RHB David McDonald 0-0: Ball
1-0: Called Strike
1-1: Ball
2-1: Grounds into double play, 4-6-3 (Groundball, 4, EV 82.5 MPH)
Bottom of the 4th over - 0 runs, 1 hit, 0 errors, 0 left on base; Trois-Riveres 0 - Winnipeg 1
TOP OF THE 5TH
Trois-Riveres Aigles batting - Pitching for Winnipeg Goldeyes : RHP Ruben Calderon
Batting: RHB Dave Galloway 0-0: Ball
1-0: Foul Ball, location: 2F
1-1: Ground out 6-3 (Groundball, 6, EV 76.9 MPH)
Batting: RHB Jason Penfield 0-0: Foul Ball, location: 2F
0-1: SINGLE (Line Drive, 5D, EV 95.6 MPH)
Batting: RHB Alex Koral 0-0: Swinging Strike
0-1: Ball
1-1: Foul Ball, location: 2F
1-2: Ball
2-2: Foul Ball, location: 2F
2-2: Foul Ball, location: 2F
2-2: Foul Ball, location: 2F
2-2: Strikes out looking
Batting: RHB Wan-ling Zhu 0-0: Ball
1-0: Ball
2-0: Called Strike
2-1: Foul Ball, location: 2F
2-2: Foul Ball, location: 2F
2-2: Strikes out swinging
Top of the 5th over - 0 runs, 1 hit, 0 errors, 1 left on base; Trois-Riveres 0 - Winnipeg 1
BOTTOM OF THE 5TH
Winnipeg Goldeyes batting - Pitching for Trois-Riveres Aigles : RHP Gerardo Fernandez
Batting: LHB Brian Wagner 0-0: Ball
1-0: Ball
2-0: Foul Ball, location: 2F
2-1: SINGLE (Line Drive, 9S, EV 96.2 MPH)
Batting: LHB Marvin Shepherd Pickoff Throw to First - Error! E1
Brian Wagner to second
0-0: Called Strike
0-1: Ball
1-1: Ball
2-1: Called Strike
2-2: Foul Ball, location: 2F
2-2: Ground out 4-3 (Groundball, 4, EV 101.9 MPH)
Brian Wagner to third
Batting: RHB Caleb Bockmann 0-0: Ball
1-0: Ball
2-0: Ball
3-0: Called Strike
3-1: Called Strike
3-2: 2-RUN HOME RUN (Flyball, 7LD, EV 93.8 MPH), Distance : 355 ft
Batting: SHB Manny Molina 0-0: SINGLE (Line Drive, 7S, EV 98.1 MPH)
Batting: RHB Steve Terrell 0-0: Fly out, F7 (Flyball, 7S, EV 87.5 MPH)
Batting: LHB Marshall Daul 0-0: Ball
Manny Molina steals 2nd base
1-0: Ball
2-0: Foul Ball, location: 2F
2-1: Ball
3-1: Ground out 4-3 (Groundball, 4, EV 90.0 MPH)
Bottom of the 5th over - 2 runs, 3 hits, 1 error, 1 left on base; Trois-Riveres 0 - Winnipeg 3
TOP OF THE 6TH
Trois-Riveres Aigles batting - Pitching for Winnipeg Goldeyes : RHP Ruben Calderon
Batting: LHB Jonathan Spino 0-0: Foul Ball, location: 2F
0-1: Ball
1-1: Foul Ball, location: 2F
1-2: Strikes out swinging
Batting: RHB Josh Harmon 0-0: Called Strike
0-1: Ground out 6-3 (Groundball, 6, EV 89.4 MPH)
Batting: LHB Rich Matthews 0-0: Called Strike
0-1: Ball
1-1: Ground out U3 (Groundball, 34, EV 110.6 MPH)
Top of the 6th over - 0 runs, 0 hits, 0 errors, 0 left on base; Trois-Riveres 0 - Winnipeg 3
BOTTOM OF THE 6TH
Winnipeg Goldeyes batting - Pitching for Trois-Riveres Aigles : RHP Gerardo Fernandez
Batting: RHB Leo Gonzalez 0-0: Ball
1-0: Ball
2-0: Foul Ball, location: 2F
2-1: Ball
3-1: SINGLE (Groundball, 34D, EV 96.9 MPH)
Batting: LHB Tomas Espino 0-0: Called Strike
0-1: Foul Ball, location: 2F
0-2: Strikes out swinging
Batting: RHB David McDonald 0-0: Foul Ball, location: 2F
0-1: Ball
1-1: SINGLE (Groundball, 56D, EV 107.5 MPH)
Leo Gonzalez to second
Batting: LHB Brian Wagner 0-0: Called Strike
0-1: Ball
1-1: Ball
2-1: Foul Ball, location: 2F
2-2: Foul Ball, location: 2F
2-2: Foul Ball, location: 2F
2-2: Foul Ball, location: 2F
2-2: Foul Ball, location: 2F
2-2: Grounds into double play, 4-6-3 (Groundball, 4, EV 101.9 MPH)
Bottom of the 6th over - 0 runs, 2 hits, 0 errors, 1 left on base; Trois-Riveres 0 - Winnipeg 3
TOP OF THE 7TH
Trois-Riveres Aigles batting - Pitching for Winnipeg Goldeyes : RHP Ruben Calderon
Pitching: RHP Miguel Montelongo
Batting: LHB Sean Banks 0-0: Called Strike
0-1: Ball
1-1: Swinging Strike
1-2: SOLO HOME RUN (Flyball, 89XD, EV 115.0 MPH), Distance : 468 ft
Batting: RHB Alex Diaz 0-0: Ball
1-0: Called Strike
1-1: Ball
2-1: Called Strike
2-2: Strikes out swinging
Batting: RHB Dave Galloway 0-0: Ground out 4-3 (Groundball, 4, EV 81.9 MPH)
Batting: RHB Jason Penfield 0-0: Foul Ball, location: 2F
0-1: Ball
1-1: Ball
2-1: SINGLE (Groundball, 56, EV 82.5 MPH) (infield hit)
Batting: RHB Alex Koral 0-0: Ball
1-0: Ball
2-0: Ball
3-0: Called Strike
3-1: SINGLE (Groundball, 34D, EV 100.6 MPH)
Jason Penfield to second
Runner from 2nd tries for 3rd, SAFE, no throw by RF
Pinch Hitting: SHB Ray Luna 0-0: Ball
1-0: Foul Ball, location: 2F
1-1: Ball
2-1: Ground out 1-3 (Groundball, 34S, EV 66.9 MPH)
Top of the 7th over - 1 run, 3 hits, 0 errors, 2 left on base; Trois-Riveres 1 - Winnipeg 3
BOTTOM OF THE 7TH
Winnipeg Goldeyes batting - Pitching for Trois-Riveres Aigles : RHP Gerardo Fernandez
Pitching: LHP Dean Byrne
Now at SS: Ryan Holzwart
Batting: LHB Marvin Shepherd 0-0: Called Strike
0-1: Ball
1-1: Called Strike
1-2: Foul Ball, location: 2F
1-2: Strikes out swinging
Batting: RHB Caleb Bockmann 0-0: Called Strike
0-1: Ball
1-1: Swinging Strike
1-2: Fly out, F6 (Popup, 4S, EV 65.6 MPH)
Batting: SHB Manny Molina 0-0: Foul Ball, location: 2F
0-1: Swinging Strike
0-2: SINGLE (Line Drive, 8LS, EV 106.2 MPH)
Batting: RHB Steve Terrell 0-0: Ball
Manny Molina steals 2nd base
1-0: Called Strike
1-1: 2-RUN HOME RUN (Flyball, 78XD, EV 109.4 MPH), Distance : 430 ft
Batting: LHB Marshall Daul 0-0: Called Strike
0-1: Ball
1-1: Foul Ball, location: 2F
1-2: Strikes out swinging
Bottom of the 7th over - 2 runs, 2 hits, 0 errors, 0 left on base; Trois-Riveres 1 - Winnipeg 5
TOP OF THE 8TH
Trois-Riveres Aigles batting - Pitching for Winnipeg Goldeyes : RHP Miguel Montelongo
Batting: LHB Jonathan Spino 0-0: Foul Ball, location: 2F
0-1: Fly out, F9 (Flyball, 9LM, EV 96.9 MPH)
Batting: RHB Josh Harmon 0-0: Ball
1-0: Called Strike
1-1: Ball
2-1: Called Strike
2-2: Foul Ball, location: 2F
2-2: Ball
3-2: Fly out, F8 (Flyball, 78S, EV 86.9 MPH)
Batting: LHB Rich Matthews 0-0: Foul Ball, location: 2F
0-1: Ball
1-1: Ball
2-1: Ball
3-1: Base on Balls
Batting: LHB Sean Banks 0-0: Fly out, F4 (Popup, 3DF, EV 77.5 MPH)
Top of the 8th over - 0 runs, 0 hits, 0 errors, 1 left on base; Trois-Riveres 1 - Winnipeg 5
BOTTOM OF THE 8TH
Winnipeg Goldeyes batting - Pitching for Trois-Riveres Aigles : LHP Dean Byrne
Batting: RHB Leo Gonzalez 0-0: Ball
1-0: Called Strike
1-1: Foul Ball, location: 2F
1-2: Ball
2-2: Ball
3-2: Fly out, F4 (Popup, 4, EV 78.1 MPH)
Batting: LHB Tomas Espino 0-0: Foul Ball, location: 2F
0-1: Foul Ball, location: 2F
0-2: Ball
1-2: Fly out, F9 (Flyball, 9S, EV 91.2 MPH)
Batting: RHB David McDonald 0-0: Ball
1-0: Fly out, F6 (Flyball, 5D, EV 94.4 MPH)
Bottom of the 8th over - 0 runs, 0 hits, 0 errors, 0 left on base; Trois-Riveres 1 - Winnipeg 5
TOP OF THE 9TH
Trois-Riveres Aigles batting - Pitching for Winnipeg Goldeyes : RHP Miguel Montelongo
Pitching: RHP Brian Waldrip
Batting: RHB Alex Diaz 0-0: Swinging Strike
0-1: Called Strike
0-2: Fly out, F2 (Popup, 5SF, EV 78.1 MPH)
Batting: RHB Dave Galloway 0-0: Ball
1-0: Fly out, F7 (Flyball, 7, EV 86.9 MPH)
Batting: RHB Jason Penfield 0-0: Ball
1-0: Ball
2-0: Called Strike
2-1: Ball
3-1: Base on Balls
Batting: RHB Alex Koral 0-0: Fielders Choice at 2nd, 6-4 (Groundball, 6, EV 102.5 MPH)
Top of the 9th over - 0 runs, 0 hits, 0 errors, 1 left on base; Trois-Riveres 1 - Winnipeg 5
Wednesday, June 22nd , 2022 - OOTP Baseball 23.4 Build 64